 Dungeon Crawl Stone Soup version 0.31-a0-516-gfcb59812bd (webtiles) character file.

Game seed: 2579951830380723096

0 GordonOverkill the Sneak (level 1, 0/11 HPs)
             Began as a Vine Stalker Delver on Aug 10, 2023.
             Succumbed to a scorpion's poison
             ... on level 5 of the Dungeon.
             The game lasted 00:00:15 (12 turns).

GordonOverkill the Sneak (Vine Stalker Delver)        Turns: 12, Time: 00:00:15

Health: 0/11       AC:  3    Str: 14    XL:     1   Next: 0%
Magic:  0/2        EV: 11    Int: 10    God:
Gold:   13         SH:  0    Dex: 15    Spells: 0/0 levels left

rFire   . . .        a - +0 mace
rCold   . . .        (no shield)
rNeg    . . .        b - +0 leather armour
rPois   .            (no helmet)
rElec   .            (no cloak)
rCorr   .            (no gloves)
SInv    .            (no boots)
Will    .....        (no amulet)
Stlth   +++          (no ring)
HPRegen 0.21/turn    (no ring)
MPRegen 0.08/turn

%: guardian spirit
@: lethally poisoned (0 -> -11), hasted, very quick
A: fangs 2, magic shield, antimagic bite, no potion heal 2
a: no special abilities


You were on level 5 of the Dungeon.
You visited 1 branch of the dungeon, and saw 1 of its levels.

You collected 13 gold pieces.

Inventory:

Hand Weapons
 a - a +0 mace (weapon)
Armour
 b - a +0 leather armour (worn)
Wands
 g - a wand of digging (3)
Scrolls
 c - a scroll of fog
 e - a scroll of fear


   Skills:
 - Level 2.6 Fighting
 + Level 1.7 Maces & Flails
 - Level 1.5 Dodging
 - Level 6.0 Stealth


You couldn't memorise any spells.
You didn't know any spells.
Your spell library was empty.

Dungeon Overview and Level Annotations

Branches:
Dungeon (5/15)
 Temple: D:4-7

Altars:


Innate Abilities, Weirdness & Mutations

You have extremely sharp teeth.
When hurt, damage is shared between your health and your magic reserves.
Your bite disrupts and absorbs the magic of your enemies.
Potions cannot restore your health.


Message History

You hear the hiss of flowing sand.
There is an entrance to an ossuary on this level.
Hurry and find it before the portal is buried!
Welcome, GordonOverkill the Vine Stalker Delver.
The marvelous Orb of Zot lies far below, as if waiting for you to find it.
Press ? for a list of commands and other information.
Found 13 gold pieces.
Found a stone staircase leading down.
Found 7 stones.
You now have 13 gold pieces.
As you read the scroll of revelation, it crumbles to dust.
You feel aware of your surroundings.
You sensed 2 shops/portals.
A shadow imp comes into view.
A scorpion comes into view.
The shadow imp shouts!
You hear an angry hiss.
Found a whip.
The shadow imp barely misses you.
You hit the shadow imp. Your bite misses the shadow imp.
The shadow imp is moderately wounded.
The shadow imp hits you.
You closely miss the shadow imp. Your bite misses the shadow imp.
The shadow imp is moderately wounded.
An iguana comes into view.
The shadow imp hits you.
You closely miss the shadow imp. You bite the shadow imp.
The shadow imp's magic leaks into the air.
You drain its magic.
You feel invigorated.
The shadow imp is heavily wounded.
The shadow imp completely misses you.
You hit the shadow imp.
The shadow imp is severely wounded.
The scorpion barely misses you. The shadow imp barely misses you.
The scorpion closely misses you. The shadow imp closely misses you.
You feel yourself speed up. The scorpion stings you.
* * * LOW HITPOINT WARNING * * *
You are lethally poisoned!
The scorpion poisons you! The shadow imp hits you.
* * * LOW HITPOINT WARNING * * *
You thump the shadow imp!
You kill the shadow imp!
You die...

,**********,,,,,,,,,**,,,,,,*
,,,,,,,,,,,,,,*......)..,,,,*
**,,,,,,****#,*..........,,,*
<,,**,,** #.*...#....#..,,*
,,,,*,** ###.##..........,,*
,,*,,,* ####.(.l...##....,**
*,*,,** #####......##....**
*,*,,****#####............**
,,,,,,,,.######.@s#....#..,*
*,,,,***..................,*
,,**,,***#................,*
,,***,,*##...........##...,*
,,****,,.................,,*
,,,* ***.......>....#####***
,,,***,,.#..........#####
,,,**,,**#..........#####
,*,,,,** #..........#####


You could see a scorpion and an iguana.

Vanquished Creatures
  A shadow imp (D:5)
1 creature vanquished.

Notes
Turn   | Place    | Note
-------+----------+-------------------------------------------
     0 | D:5      | GordonOverkill the Vine Stalker Delver began the quest for
                  | the Orb.
     0 | D:5      | Reached XP level 1. HP: 11/11 MP: 2/2
     4 | D:5      | Noticed a scorpion
     8 | D:5      | Noticed an iguana
    12 | D:5      | Succumbed to a scorpion's poison

Illustrated notes

Levels and vault maps discovered:
D:5:      layout_rooms, nicolae_ossuary_entry_ruins, nicolae_custom_books,
          skrybe_limestone_x

Action                     || total
---------------------------++-------
  Melee: Mace              ||     5
         Bite              ||     1
    Use: Scroll            ||     1
         Potion            ||     1
  Dodge: Dodged            ||     6

Table legend: (Time is in decaauts)
 A = Elapsed time spent in this place.
 B = Non-inter-level travel time spent in this place.
 C = Inter-level travel time spent in this place.
 D = Time resting spent in this place.
 E = Time spent auto-exploring this place.
 F = Levels seen in this place.
 G = Mean time per level.
                   A        B        C        D        E       F      G
               +--------+--------+--------+--------+--------+-----+--------+
         Total |     13 |     13 |      0 |      0 |      0 |   1 |   13.0 |
       Dungeon |     13 |     13 |      0 |      0 |      0 |   1 |   13.0 |
               +--------+--------+--------+--------+--------+-----+--------+

Top non-repeatable levels by time:
     D:5: 13 daAuts
